 Dungeon Crawl Stone Soup version 0.24.0-125-gc4c63601f3 (webtiles) character file.

Game seed: 18358514405565509405, levelgen mode: deterministic

210 Descartes the Ducker (level 5, -3/25 HPs)
             Began as a Felid Monk on Mar 1, 2020.
             Slain by Eustachio
             ... wielding a +4 falchion of slicing
              (6 damage)
             ... on level 4 of the Dungeon.
             The game lasted 00:08:07 (5434 turns).

Descartes the Ducker (Felid Monk)                   Turns: 5434, Time: 00:08:08

Health: -3/25      AC:  1    Str:  8    XL:     5   Next: 57%
Magic:  6/6        EV: 21    Int: 12    God:
Gold:   304        SH:  0    Dex: 18    Spells: 3/4 levels left
                                        Lives:  0   Deaths: 1

rFire    . . .     SeeInvis +     - Unarmed
rCold    . . .     Gourm    .   (shield unavailable)
rNeg     . . .     Faith    .   (armour unavailable)
rPois    .         Spirit   .   (helmet unavailable)
rElec    .         Reflect  .   (cloak unavailable)
rCorr    .         Harm     .   (gloves unavailable)
MR       .....                  (boots unavailable)
Stlth    +++.......             (no amulet)
HPRegen  0.08/turn              (no ring)
MPRegen  0.10/turn              (no ring)

@: quick
A: very small, no armour, no weapons or thrown items, stealth, claws 1, fangs 3,
see invisible, carnivore, speed 1, shaggy fur 1, slow metabolism 1, sharp paws
a: no special abilities


You were on level 4 of the Dungeon.
You were very full.

You visited 2 branches of the dungeon, and saw 5 of its levels.

You collected 304 gold pieces.

Inventory:

Missiles
 d - 59 arrows
 h - 261 stones
Wands
 m - a wand of paralysis (10)
 r - a wand of disintegration (11)
 x - a wand of iceblast (7)
Scrolls
 c - 2 scrolls of remove curse {unknown}
 e - 3 scrolls of magic mapping {unknown}
 g - 2 scrolls of enchant weapon {unknown}
 i - 5 scrolls of identify {unknown}
 k - 2 scrolls of enchant armour {unknown}
 n - a scroll of amnesia {unknown}
 o - a scroll of fog {unknown}
 p - a scroll of noise {unknown}
 q - a scroll of immolation {unknown}
 s - a scroll of fear {unknown}
 t - 3 scrolls of teleportation {unknown}
Potions
 b - a potion of magic {unknown}
 f - a potion of curing {unknown}
 j - 2 potions of degeneration {unknown}
 l - 3 potions of ambrosia {unknown}
 u - 2 potions of brilliance {unknown}
 v - 2 potions of agility {unknown}
Comestibles
 a - 7 rations
 w - a chunk of flesh


   Skills:
 + Level 4.0 Fighting
 + Level 5.3 Dodging
 + Level 4.7 Stealth
 * Level 4.9 Unarmed Combat
 + Level 0.2 Spellcasting
 + Level 0.8 Hexes
 + Level 0.3 Evocations


You had 3 spell levels left.
You knew the following spells:

 Your Spells              Type           Power        Failure   Level  Hunger
a - Confusing Touch       Hex            #.....       24%         1    ##.....

Your spell library contained the following spells:

 Spells                   Type           Power        Failure   Level  Hunger
 Animate Skeleton         Necr           N/A          32%         1    ##.....
 Apportation              Tloc           #.....       32%         1    ##.....
 Summon Small Mammal      Summ           #...         32%         1    ##.....


Dungeon Overview and Level Annotations

Branches:
Dungeon (4/15)             Temple (1/1) D:4

Altars:
Ashenzari
Dithmenos
Elyvilon
Fedhas
Gozag
Hepliaklqana
Makhleb
Nemelex Xobeh
Ru
Sif Muna
Trog
Uskayaw
Vehumet
Wu Jian
Xom
The Shining One

Annotations:
D:4 Eustachio


Innate Abilities, Weirdness & Mutations

You cannot wear armour.
You are incapable of wielding weapons or throwing items.
Your paws allow you to move quietly. (Stealth)
You have sharp claws.
You have razor-sharp teeth.
You have supernaturally acute eyesight. (SInv)
You are carnivorous and can eat meat at any time.
You cover ground quickly.
You are covered in fur. (AC +1)
You have a slow metabolism.
Your sharp claws are effective at attacking unaware monsters.


Message History

You closely miss Eustachio.
Eustachio is severely wounded.
You scratch Eustachio. You bite Eustachio.
Eustachio is severely wounded.
Eustachio misses you.
You scratch Eustachio. You bite Eustachio.
Eustachio is almost dead.
Eustachio hits you with a +4 falchion of slicing.
* * * LOW HITPOINT WARNING * * *
x2 You barely miss Eustachio.
Eustachio is almost dead.
Eustachio barely misses you.
You miss Eustachio.
Eustachio is almost dead.
Eustachio twirls his moustache.
Eustachio misses you.
You scratch Eustachio but do no damage.
Eustachio is almost dead.
Eustachio hits you with a +4 falchion of slicing.
You die...

#.###...# #.#.....
#.##....########......_
#.##.#.................
#####.##.##..#.#.#.........
#.............###..##.....8
#.####....#..## ##.##......
#.# ##.......###..##..._..
#.# ##.#.#.#.#...........
#.# ###@#............#..
#.########@#######......###
#.........r..# #....#.#
####.#.#.....# #.####.# ###
####.#.#.....# #.# #.#
##♣.♣##......#.....# #.#
#.# # #..r..####.###.....#
#.## #.# #
..@...@###.####.#### #..#
#.# #
..###..r##......###### ##.#
#.# #


You could see Eustachio and a quokka.

Vanquished Creatures
  A hound (D:4)
  A gnoll shaman (D:2)
  An orc wizard (D:3)
  An orc priest (D:3)
  A hound skeleton (D:4)
  3 gnolls (D:2)
  3 adders
  A white imp (D:4)
  2 oozes (D:2)
  4 worms
  4 dart slugs
  2 leopard geckos
  10 orcs
  2 giant cockroaches
  9 goblins
  6 hobgoblins
  11 jackals
  A quokka (D:3)
  A ball python (D:3)
  4 frilled lizards
  2 goblin zombies (D:4)
  3 hobgoblin zombies (D:4)
  4 kobolds
  2 kobold skeletons (D:4)
  A leopard gecko zombie (D:3)
  7 rats
87 creatures vanquished.

Notes
Turn   | Place    | Note
-------+----------+-------------------------------------------
     0 | D:1      | Descartes the Felid Monk began the quest for the Orb.
     0 | D:1      | Reached XP level 1. HP: 10/10 MP: 2/2
   394 | D:1      | Reached XP level 2. HP: 8/14 MP: 3/3
  1476 | D:2      | Found a hazy altar of Hepliaklqana.
  1479 | D:2      | Reached XP level 3. HP: 17/17 MP: 4/4
  1986 | D:2      | Reached XP level 4. HP: 2/21 MP: 5/5
  2360 | D:2      | Found a shadowy altar of Dithmenos.
  3176 | D:3      | Reached XP level 5. HP: 23/25 MP: 6/6
  3189 | D:3      | Found a faded altar of an unknown god.
  3376 | D:3      | Reached skill level 5 in Dodging
  4342 | D:3      | Killed from afar by an orc priest
  4343 | D:3      | Reached XP level 4. HP: -9/22 MP: 5/5
  4433 | D:3      | Reached XP level 5. HP: 9/25 MP: 6/6
  4759 | D:3      | Found a sacrificial altar of Ru.
  4766 | D:3      | Learned a level 1 spell: Confusing Touch
  4800 | D:4      | Found a glowing golden altar of the Shining One.
  4997 | D:4      | Found a staircase to the Ecumenical Temple.
  5004 | Temple   | Entered the Ecumenical Temple
  5147 | D:4      | Found a shimmering blue altar of Sif Muna.
  5194 | D:4      | Found a radiant altar of Vehumet.
  5195 | D:4      | Found an opulent altar of Gozag.
  5357 | D:4      | Noticed Eustachio
  5434 | D:4      | Slain by Eustachio

Levels and vault maps discovered:
D:1:      lemuel_arrival_muddy, layout_basic
D:2:      layout_rooms, overflow_temple_1_default, lemuel_doored_altar
D:3:      cheibrodos_pilgrimage, layout_loops_ring,
          chequers_ecumenical_altar_twisty, kennysheep_flooded_box
D:4:      layout_loops_cross, grunt_temple_overflow_open,
          nicolae_tso_besieged_by_evil, minmay_temple_entry_steel_oval,
          grunt_ministairs_8, uniq_eustachio
Temple:   eino_wide_crystal_templ

Skill      XL: |  1  2  3  4  5 |
---------------+----------------+-----
Stealth        | 3 4 |  4.7
Unarmed Combat | 4 |  4.9
Dodging        | 5 |  5.3
Fighting       | 4 |  4.0
Spellcasting   | |  0.2
Hexes          | |  0.8
Evocations     | |  0.3

Action                   |  1- 3 |  4- 6 || total
-------------------------+-------+-------++-------
Melee: Unarmed           |    97 |   211 ||   308
       Bite              |    10 |    22 ||    32
       Punch             |     1 |     4 ||     5
 Stab: Sleeping          |    10 |    12 ||    22
       Distracted        |       |     2 ||     2
  Eat: Chunk             |     9 |    12 ||    21
Armor: Skin              |     3 |     2 ||     5
Dodge: Dodged            |    62 |   155 ||   217
